Diables vs Knights
Created - 18 novembre 2016 at 21:55
Goals
|
| Diables |
2 |
0 |
1 |
3 |
| Knights |
1 |
2 |
1 |
4 |
|
Shots
|
| Diables |
12 |
9 |
7 |
28 |
| Knights |
11 |
13 |
17 |
41 |
|
1st period
1. Diables , Steve Quailer 12 (Tyler Bozak) at 5:52
2. Diables , Steve Quailer 13 (Gabriel Landeskog, Tyler Bozak) at 8:34
3. Knights , Cody Bass 5 (Tomas Kundratek) at 10:33
Penalties :
Steve Quailer (Alm) for Roughing (Minor) at 14:56
2nd period
4. Knights , Jason Zucker 4 (James Wright, Chris Thorburn) at 13:09
5. Knights , Chris Thorburn 5 (Jason Zucker, James Wright) at 19:23
Penalties :
No Penalty
3rd period
6. Diables , Kellan Lain 11 (Tomas Kubalik, Tyler Cuma) at 0:32
7. Knights , Cody Bass 6 (Joe Colborne, Michael Stone) at 9:49
Penalties :
No Penalty
Goalie Stats
Eddie Lack (Alm), 37 saves from 41 shots - (0,902), L, 1-1-0, 60:00 minutes
Jeff Glass (Lon), 25 saves from 28 shots - (0,893), W, 5-1-0, 60:00 minutes
Players Stats for Diables
Player Name G A P +/- PIM S H SB GA TA FO MP PP MP PK MP
------------------------------------------------------------------------------------
Ben Hanowski 0 0 0 0 0 0 1 1 1 0 0/0 17:58 0:00 0:00
Benn Ferriero 0 0 0 0 0 0 0 0 0 0 0/0 0:55 0:00 0:00
Boone Jenner 0 0 0 -1 0 0 0 0 0 0 2/6 12:38 0:00 0:00
Brandon Prust 0 0 0 -1 0 1 2 1 0 1 0/0 13:27 0:00 0:34
Brian Dumoulin 0 0 0 0 0 1 1 1 0 0 0/0 14:29 0:00 0:00
Craig Smith 0 0 0 -1 0 1 2 1 0 0 0/1 7:50 0:00 0:24
Dustin Kohn 0 0 0 -1 0 1 1 1 0 2 0/0 18:48 0:00 0:50
Gabriel Landeskog 0 1 1 0 0 1 1 1 1 1 1/2 21:30 0:00 1:03
Josh Manson 0 0 0 0 0 0 1 0 0 0 0/0 18:28 0:00 0:00
Kellan Lain 1 0 1 0 0 5 3 1 2 1 0/1 19:00 0:00 0:45
Lukas Krajicek 0 0 0 0 0 2 3 2 0 0 0/0 22:44 0:00 1:09
Pavel Valentenko 0 0 0 -1 0 0 0 1 0 1 0/0 18:48 0:00 0:50
Riley Sheahan 0 0 0 0 0 2 0 0 0 0 9/12 17:14 0:00 0:00
Steve Quailer 2 0 2 0 2 5 3 0 1 0 0/0 21:04 0:00 0:00
Taylor Beck 0 0 0 0 0 0 0 0 0 0 0/0 6:49 0:00 0:11
Tomas Kubalik 0 1 1 0 0 4 3 0 1 0 1/2 17:29 0:00 0:00
Tyler Bozak 0 2 2 0 0 3 3 0 0 0 14/30 22:06 0:00 1:01
Tyler Cuma 0 1 1 0 0 2 1 0 3 0 0/0 26:43 0:00 1:09
Players Stats for Knights
Player Name G A P +/- PIM S H SB GA TA FO MP PP MP PK MP
------------------------------------------------------------------------------------
A.J. Jenks 0 0 0 1 0 2 2 1 1 0 0/0 14:27 0:00 0:00
Alan Quine 0 0 0 -1 0 1 0 0 0 0 1/4 9:23 0:00 0:00
Chris Thorburn 1 1 2 2 0 2 2 1 0 0 0/0 18:26 1:05 0:00
Cody Bass 2 0 2 1 0 4 1 1 0 0 4/6 14:27 0:00 0:00
Colton Gillies 0 0 0 -1 0 2 1 0 1 0 0/0 9:23 0:00 0:00
David Shields 0 0 0 0 0 0 0 0 0 2 0/0 16:28 0:00 0:00
James Wright 0 2 2 2 0 10 2 0 0 3 13/24 19:23 1:05 0:00
Jason Zucker 1 1 2 2 0 4 3 0 2 1 0/0 18:01 0:54 0:00
Jimmy Hayes 0 0 0 -1 0 3 3 0 0 0 0/0 18:00 0:54 0:00
Joe Colborne 0 1 1 -1 0 3 3 0 1 0 8/18 16:47 0:54 0:00
Josh Jooris 0 0 0 -1 0 1 4 0 0 0 0/0 9:23 0:00 0:00
Kevin Hayes 0 0 0 1 0 1 1 0 0 0 0/1 14:27 0:00 0:00
Michael Raffl 0 0 0 -1 0 4 2 0 0 0 1/1 18:09 1:05 0:00
Michael Stone 0 1 1 0 0 0 1 1 0 0 0/0 17:07 0:52 0:00
Nikita Nikitin 0 0 0 -1 0 3 2 2 0 0 0/0 24:12 1:07 0:00
Scott Jackson 0 0 0 -2 0 0 1 5 0 0 0/0 17:37 0:52 0:00
Tomas Kundratek 0 1 1 3 0 0 0 1 0 3 0/0 26:08 1:07 0:00
Zach Trotman 0 0 0 2 0 1 0 2 1 0 0/0 18:12 0:00 0:00
3 Stars
1 - Cody Bass (Lon)
2 - Jason Zucker (Lon)
3 - Chris Thorburn (Lon)
Power Play
Diables - 0 on 0 Attempt(s) - 0,00%
Knights - 0 on 1 Attempt(s) - 0,00%
Penalty Kill
Diables - 1 on 1 Attempt(s) - 100,00%
- Score 0 goal in Penalty Kill
Knights - 0 on 0 Attempt(s) - 0,00%
- Score 0 goal in Penalty Kill
Team Stat
Diables - Hits : 25 - Faceoff Wins : 27 - Blocked Shots : 10 - Penalty Minutes : 2
Knights - Hits : 28 - Faceoff Wins : 27 - Blocked Shots : 14 - Penalty Minutes : 0
Official
Referees : O'Halloran Dan and Banfield David
Linesman : Michel Cormier and Jean Morin
Game Notes
No Game Note
Finance
Level 1 -- Attendance: 1522 (76,10%) -- Ticket Income 53 270 $
Level 2 -- Attendance: 780 (78,00%) -- Ticket Income 15 600 $
Total Attendance: 2302 (76,73%)
Total Ticket Income: 68 870 $
Other Income: 3 444 $
Total Income: 72 314 $
Diables
5 vs 5 Forward
Center Left Wing Right Wing Time % Phy DF OF
1 Tyler Bozak Gabriel Landeskog Steve Quailer 40 1 2 2
2 Riley Sheahan Kellan Lain Tomas Kubalik 30 1 2 2
3 Boone Jenner Brandon Prust Ben Hanowski 20 1 2 2
4 Craig Smith Taylor Beck Ben Hanowski 10 1 2 2
5 vs 5 Defense
Defense Defense Time % Phy DF OF
1 Tyler Cuma Lukas Krajicek 40 1 2 2
2 Dustin Kohn Pavel Valentenko 30 1 2 2
3 Brian Dumoulin Josh Manson 20 1 2 2
4 Josh Manson Tyler Cuma 10 1 2 2
PowerPlay Forward
Center Left Wing Right Wing Time % Phy DF OF
1 Tyler Bozak Gabriel Landeskog Tomas Kubalik 60 1 2 2
2 Boone Jenner Kellan Lain Steve Quailer 40 1 2 2
PowerPlay Defense
Defense Defense Time % Phy DF OF
1 Tyler Cuma Lukas Krajicek 60 1 2 2
2 Dustin Kohn Pavel Valentenko 40 1 2 2
Penalty Kill 4 Players Forward
Center Wing Time % Phy DF OF
1 Tyler Bozak Gabriel Landeskog 60 1 2 2
2 Brandon Prust Steve Quailer 40 1 2 2
Penalty Kill 4 Players Defense
Defense Defense Time % Phy DF OF
1 Tyler Cuma Lukas Krajicek 60 1 2 2
2 Dustin Kohn Pavel Valentenko 40 1 2 2
Penalty Kill - 3 Players Forward
Forward Time % Phy DF OF
1 Gabriel Landeskog 60 1 2 2
2 Kellan Lain 40 1 2 2
Penalty Kill - 3 Players Defense
Defense Defense Time % Phy DF OF
1 Tyler Cuma Lukas Krajicek 60 1 2 2
2 Dustin Kohn Pavel Valentenko 40 1 2 2
4 vs 4 Forward
Center Wing Time % Phy DF OF
1 Tyler Bozak Kellan Lain 60 1 2 2
2 Brandon Prust Gabriel Landeskog 40 1 2 2
4 vs 4 Defense
Defense Defense Time % Phy DF OF
1 Tyler Cuma Lukas Krajicek 60 1 2 2
2 Dustin Kohn Pavel Valentenko 40 1 2 2
Last Minutes Offensive
Center Left Wing Right Wing Defense Defense
Tyler Bozak Kellan Lain Steve Quailer Tyler Cuma Lukas Krajicek
Last Minutes Defensive
Center Left Wing Right Wing Defense Defense
Tyler Bozak Kellan Lain Steve Quailer Tyler Cuma Lukas Krajicek
Goaltenders
Starting : Eddie Lack
Backup : Jean-Francois Berube
Extra Forwards
Normal : Craig Smith, Tomas Kubalik, Gabriel Landeskog - PP : Craig Smith, Tomas Kubalik - PK : Gabriel Landeskog
Extra Defensemen
Normal : Brian Dumoulin, Josh Manson, Pavel Valentenko - PP : Brian Dumoulin - PK : Pavel Valentenko, Josh Manson
Penalty Shots
Tyler Bozak, Kellan Lain, Brandon Prust, Steve Quailer, Riley Sheahan
Knights
5 vs 5 Forward
Center Left Wing Right Wing Time % Phy DF OF
1 James Wright Jason Zucker Chris Thorburn 31 2 0 3
2 Joe Colborne Michael Raffl Jimmy Hayes 29 2 0 3
3 Cody Bass A.J. Jenks Kevin Hayes 25 1 1 3
4 Alan Quine Colton Gillies Josh Jooris 15 1 2 2
5 vs 5 Defense
Defense Defense Time % Phy DF OF
1 Tomas Kundratek Zach Trotman 35 1 3 1
2 Scott Jackson Nikita Nikitin 30 1 3 1
3 David Shields Michael Stone 22 1 3 1
4 Tomas Kundratek Nikita Nikitin 13 1 2 2
PowerPlay Forward
Center Left Wing Right Wing Time % Phy DF OF
1 James Wright Michael Raffl Chris Thorburn 60 0 0 5
2 Joe Colborne Jason Zucker Jimmy Hayes 40 0 0 5
PowerPlay Defense
Defense Defense Time % Phy DF OF
1 Nikita Nikitin Tomas Kundratek 60 0 1 4
2 Michael Stone Scott Jackson 40 0 1 4
Penalty Kill 4 Players Forward
Center Wing Time % Phy DF OF
1 James Wright Jimmy Hayes 60 0 5 0
2 Cody Bass Joe Colborne 40 0 5 0
Penalty Kill 4 Players Defense
Defense Defense Time % Phy DF OF
1 Tomas Kundratek Zach Trotman 60 0 5 0
2 Scott Jackson Michael Stone 40 0 5 0
Penalty Kill - 3 Players Forward
Forward Time % Phy DF OF
1 Chris Thorburn 60 0 5 0
2 James Wright 40 0 5 0
Penalty Kill - 3 Players Defense
Defense Defense Time % Phy DF OF
1 Tomas Kundratek Zach Trotman 60 0 5 0
2 Nikita Nikitin Scott Jackson 40 0 5 0
4 vs 4 Forward
Center Wing Time % Phy DF OF
1 James Wright Michael Raffl 60 1 2 2
2 Joe Colborne Jason Zucker 40 1 2 2
4 vs 4 Defense
Defense Defense Time % Phy DF OF
1 Nikita Nikitin Tomas Kundratek 60 1 2 2
2 Zach Trotman Scott Jackson 40 1 2 2
Last Minutes Offensive
Center Left Wing Right Wing Defense Defense
James Wright Michael Raffl Chris Thorburn Tomas Kundratek Nikita Nikitin
Last Minutes Defensive
Center Left Wing Right Wing Defense Defense
James Wright Michael Raffl Jimmy Hayes Tomas Kundratek Nikita Nikitin
Goaltenders
Starting : Jeff Glass
Backup : Mark Dekanich
Extra Forwards
Normal : Joe Colborne, Michael Raffl, James Wright - PP : James Wright, Michael Raffl - PK : James Wright
Extra Defensemen
Normal : Nikita Nikitin, Scott Jackson, Tomas Kundratek - PP : Tomas Kundratek - PK : Nikita Nikitin, Tomas Kundratek
Penalty Shots
Kevin Hayes, Michael Raffl, Josh Jooris, James Wright, Joe Colborne
% Time on Ice - Diables
Lines # - Real PCT - Wanted PCT - Time Play
Normal Forward
1 - 35% - 40% - 19:56
2 - 31% - 30% - 17:40
3 - 22% - 20% - 12:38
4 - 12% - 10% - 6:38
Normal Defense
1 - 36% - 40% - 20:40
2 - 32% - 30% - 17:58
3 - 24% - 20% - 13:34
4 - 8% - 10% - 4:40
PP Forward
1 - 0% - 60%
2 - 0% - 40%
PP Defense
1 - 0% - 60%
2 - 0% - 40%
PK Forward
1 - 71% - 60% - 1:25
2 - 29% - 40% - 0:34
PK Defense
1 - 58% - 60% - 1:09
2 - 42% - 40% - 0:50
PK3 Forward
1 - 0% - 60%
2 - 0% - 40%
PK3 Defense
1 - 0% - 60%
2 - 0% - 40%
44 Forward
1 - 0% - 60%
2 - 0% - 40%
44 Defense
1 - 0% - 60%
2 - 0% - 40%
Last Minute Offensive - 1:09
Last Minute Defensive - 0:00
Total
Forward - 60:00
Defense - 60:00
|
% Time on Ice - Knights
Lines # - Real PCT - Wanted PCT - Time Play
Normal Forward
1 - 30% - 31% - 17:05
2 - 28% - 29% - 15:53
3 - 25% - 25% - 14:27
4 - 17% - 15% - 9:23
Normal Defense
1 - 33% - 35% - 18:38
2 - 27% - 30% - 15:29
3 - 29% - 22% - 16:15
4 - 11% - 13% - 6:26
PP Forward
1 - 55% - 60% - 1:05
2 - 45% - 40% - 0:54
PP Defense
1 - 56% - 60% - 1:07
2 - 44% - 40% - 0:52
PK Forward
1 - 0% - 60%
2 - 0% - 40%
PK Defense
1 - 0% - 60%
2 - 0% - 40%
PK3 Forward
1 - 0% - 60%
2 - 0% - 40%
PK3 Defense
1 - 0% - 60%
2 - 0% - 40%
44 Forward
1 - 0% - 60%
2 - 0% - 40%
44 Defense
1 - 0% - 60%
2 - 0% - 40%
Last Minute Offensive - 0:00
Last Minute Defensive - 1:13
Total
Forward - 60:00
Defense - 60:00
|
Play by Play
1st period
0:01 of 1st period - Tyler Bozak wins face-off versus James Wright in neutral zone.
0:08 of 1st period - Off-side.
0:09 of 1st period - Tyler Bozak wins face-off versus James Wright in neutral zone.
0:29 of 1st period - Off-side.
0:30 of 1st period - Riley Sheahan wins face-off versus Joe Colborne in neutral zone.
0:55 of 1st period - Dustin Kohn is hit by Scott Jackson.
0:59 of 1st period - A.J. Jenks is hit by Josh Manson and loses puck.
2:09 of 1st period - Slapshot by Craig Smith.
2:09 of 1st period - Stopped by Jeff Glass without a rebound.
2:10 of 1st period - Joe Colborne wins face-off versus Craig Smith in Knights zone.
2:17 of 1st period - Snap shot by Joe Colborne.
2:17 of 1st period - Deflect By Michael Raffl.
2:17 of 1st period - Shot Blocked by Dustin Kohn.
2:17 of 1st period - Puck is out of play.
2:18 of 1st period - Boone Jenner wins face-off versus Joe Colborne in Diables zone.
3:52 of 1st period - Snap shot by Michael Raffl.
3:52 of 1st period - Stopped by Eddie Lack without a rebound.
3:53 of 1st period - Cody Bass wins face-off versus Boone Jenner in Diables zone.
4:02 of 1st period - Snap shot by Kevin Hayes.
4:02 of 1st period - Deflect By Cody Bass.
4:02 of 1st period - Shot Blocked by Brian Dumoulin.
4:02 of 1st period - Puck is out of play.
4:03 of 1st period - Cody Bass wins face-off versus Tyler Bozak in Diables zone.
4:44 of 1st period - Tomas Kundratek is hit by Lukas Krajicek.
5:32 of 1st period - Snap shot by Kellan Lain.
5:32 of 1st period - Stopped by Jeff Glass with a rebound.
5:34 of 1st period - Wrist shot by Riley Sheahan.
5:34 of 1st period - Stopped by Jeff Glass with a rebound.
5:36 of 1st period - Wrist shot by Tomas Kubalik.
5:36 of 1st period - Deflect By Tomas Kundratek.
5:36 of 1st period - Stopped by Jeff Glass without a rebound.
5:37 of 1st period - Riley Sheahan wins face-off versus Joe Colborne in Knights zone.
5:42 of 1st period - Backhand shot by Kellan Lain.
5:42 of 1st period - Shot Misses the Net.
5:44 of 1st period - Wrist shot by Riley Sheahan.
5:44 of 1st period - Shot Blocked by Michael Stone.
5:48 of 1st period - Slapshot by Kellan Lain.
5:48 of 1st period - Deflect By Michael Stone.
5:48 of 1st period - Shot Misses the Net.
5:48 of 1st period - Puck is out of play.
5:49 of 1st period - Tyler Bozak wins face-off versus Alan Quine in Knights zone.
5:50 of 1st period - Wrist shot by Steve Quailer.
5:50 of 1st period - Stopped by Jeff Glass with a rebound.
5:52 of 1st period - Wrist shot by Steve Quailer.
5:52 of 1st period - Goal by Steve Quailer - Diables : 1 - Knights : 0.
5:53 of 1st period - Joe Colborne wins face-off versus Tyler Bozak in neutral zone.
5:58 of 1st period - Snap shot by Jimmy Hayes.
5:58 of 1st period - Shot Misses the Net.
7:23 of 1st period - Backhand shot by Steve Quailer.
7:23 of 1st period - Stopped by Jeff Glass with a rebound.
7:25 of 1st period - Wrist shot by Tyler Bozak.
7:25 of 1st period - Deflect By Steve Quailer.
7:25 of 1st period - Shot Blocked by A.J. Jenks.
7:25 of 1st period - Puck is out of play.
7:26 of 1st period - Cody Bass wins face-off versus Tyler Bozak in Knights zone.
7:41 of 1st period - Wrist shot by A.J. Jenks.
7:41 of 1st period - Shot Misses the Net.
8:04 of 1st period - Wrist shot by Kevin Hayes.
8:04 of 1st period - Stopped by Eddie Lack with a rebound.
8:12 of 1st period - Steve Quailer is hit by A.J. Jenks and loses puck.
8:30 of 1st period - Wrist shot by Gabriel Landeskog.
8:30 of 1st period - Shot Blocked by Cody Bass.
8:32 of 1st period - Snap shot by Gabriel Landeskog.
8:32 of 1st period - Shot Blocked by Scott Jackson.
8:34 of 1st period - Wrist shot by Steve Quailer.
8:34 of 1st period - Goal by Steve Quailer - Diables : 2 - Knights : 0.
8:35 of 1st period - Riley Sheahan wins face-off versus James Wright in neutral zone.
8:50 of 1st period - Slapshot by Kellan Lain.
8:50 of 1st period - Stopped by Jeff Glass with a rebound.
9:00 of 1st period - Tyler Cuma is hit by Joe Colborne and loses puck.
9:46 of 1st period - David Shields is hit by Tyler Bozak and loses puck.
10:33 of 1st period - Wrist shot by Cody Bass.
10:33 of 1st period - Goal by Cody Bass - Diables : 2 - Knights : 1.
10:34 of 1st period - Riley Sheahan wins face-off versus James Wright in neutral zone.
10:59 of 1st period - Gabriel Landeskog is hit by Michael Raffl and loses puck.
11:06 of 1st period - Wrist shot by Joe Colborne.
11:06 of 1st period - Stopped by Eddie Lack with a rebound.
11:22 of 1st period - Slapshot by Lukas Krajicek.
11:22 of 1st period - Shot Misses the Net.
11:31 of 1st period - Off-side.
11:32 of 1st period - James Wright wins face-off versus Tomas Kubalik in neutral zone.
11:39 of 1st period - Snap shot by Chris Thorburn.
11:39 of 1st period - Shot Blocked by Pavel Valentenko.
12:04 of 1st period - Wrist shot by Michael Raffl.
12:04 of 1st period - Stopped by Eddie Lack without a rebound.
12:05 of 1st period - Joe Colborne wins face-off versus Tyler Bozak in Diables zone.
12:12 of 1st period - Wrist shot by Jimmy Hayes.
12:12 of 1st period - Deflect By Joe Colborne.
12:12 of 1st period - Stopped by Eddie Lack with a rebound.
12:32 of 1st period - Icing by Tyler Cuma.
12:33 of 1st period - James Wright wins face-off versus Boone Jenner in Diables zone.
12:44 of 1st period - Snap shot by James Wright.
12:44 of 1st period - Stopped by Eddie Lack with a rebound.
12:46 of 1st period - Slapshot by Tomas Kundratek.
12:46 of 1st period - Shot Misses the Net.
12:48 of 1st period - Wrist shot by James Wright.
12:48 of 1st period - Shot Misses the Net.
13:45 of 1st period - Snap shot by Kevin Hayes.
13:45 of 1st period - Shot Blocked by Craig Smith.
13:47 of 1st period - Wrist shot by A.J. Jenks.
13:47 of 1st period - Stopped by Eddie Lack with a rebound.
13:49 of 1st period - Snap shot by Tomas Kundratek.
13:49 of 1st period - Shot Misses the Net.
13:51 of 1st period - Slapshot by Tomas Kundratek.
13:51 of 1st period - Shot Blocked by Lukas Krajicek.
13:53 of 1st period - Slapshot by Zach Trotman.
13:53 of 1st period - Shot Misses the Net.
14:09 of 1st period - Snap shot by James Wright.
14:09 of 1st period - Stopped by Eddie Lack with a rebound.
14:11 of 1st period - Slapshot by Michael Stone.
14:11 of 1st period - Deflect By James Wright.
14:11 of 1st period - Stopped by Eddie Lack without a rebound.
14:12 of 1st period - Riley Sheahan wins face-off versus Alan Quine in Diables zone.
14:21 of 1st period - Snap shot by Tomas Kubalik.
14:21 of 1st period - Stopped by Jeff Glass with a rebound.
14:23 of 1st period - Wrist shot by Kellan Lain.
14:23 of 1st period - Shot Blocked by Nikita Nikitin.
14:37 of 1st period - Gabriel Landeskog is hit by Nikita Nikitin and loses puck.
14:56 of 1st period - Minor Penalty to Steve Quailer for Roughing.
14:57 of 1st period - James Wright wins face-off versus Tyler Bozak in Diables zone.
15:00 of 1st period - Wrist shot by Chris Thorburn.
15:00 of 1st period - Stopped by Eddie Lack with a rebound.
15:06 of 1st period - Snap shot by Tyler Bozak.
15:06 of 1st period - Shot Misses the Net.
15:08 of 1st period - Snap shot by Gabriel Landeskog.
15:08 of 1st period - Stopped by Jeff Glass with a rebound.
15:22 of 1st period - Tyler Cuma is hit by Joe Colborne and loses puck.
16:56 of 1st period - Penalty to Steve Quailer is over, Steve Quailer is back on ice.
17:10 of 1st period - Wrist shot by Ben Hanowski.
17:10 of 1st period - Shot Misses the Net.
18:10 of 1st period - Josh Manson is hit by Josh Jooris and loses puck.
18:26 of 1st period - Icing by Gabriel Landeskog.
18:27 of 1st period - Tyler Bozak wins face-off versus Kevin Hayes in Diables zone.
18:32 of 1st period - Kevin Hayes is hit by Tyler Bozak and loses puck.
18:39 of 1st period - Wrist shot by Tyler Bozak.
18:39 of 1st period - Stopped by Jeff Glass with a rebound.
19:09 of 1st period - Tomas Kundratek is hit by Brandon Prust and loses puck.
19:36 of 1st period - Brandon Prust is hit by Colton Gillies and loses puck.
Goals for this period are 2 for Diables vs 1 for Knights.
Shots for this period are 12 for Diables vs 11 for Knights.
2nd period
0:01 of 2nd period - James Wright wins face-off versus Gabriel Landeskog in neutral zone.
0:10 of 2nd period - Off-side.
0:11 of 2nd period - Tyler Bozak wins face-off versus James Wright in neutral zone.
0:48 of 2nd period - Michael Raffl is hit by Kellan Lain and loses puck.
0:59 of 2nd period - Boone Jenner is hit by A.J. Jenks and loses puck.
1:10 of 2nd period - Wrist shot by A.J. Jenks.
1:10 of 2nd period - Shot Misses the Net.
1:12 of 2nd period - Slapshot by A.J. Jenks.
1:12 of 2nd period - Deflect By Cody Bass.
1:12 of 2nd period - Stopped by Eddie Lack with a rebound.
1:22 of 2nd period - Snap shot by Chris Thorburn.
1:22 of 2nd period - Shot Misses the Net.
1:24 of 2nd period - Slapshot by Zach Trotman.
1:24 of 2nd period - Deflect By James Wright.
1:24 of 2nd period - Stopped by Eddie Lack with a rebound.
1:26 of 2nd period - Slapshot by Zach Trotman.
1:26 of 2nd period - Stopped by Eddie Lack without a rebound.
1:27 of 2nd period - James Wright wins face-off versus Tyler Bozak in Diables zone.
2:40 of 2nd period - Tomas Kundratek is hit by Steve Quailer and loses puck.
2:51 of 2nd period - Dustin Kohn is hit by James Wright and loses puck.
4:36 of 2nd period - Tyler Bozak is hit by Michael Stone and loses puck.
4:57 of 2nd period - Nikita Nikitin is hit by Steve Quailer and loses puck.
5:31 of 2nd period - Michael Raffl is hit by Lukas Krajicek and loses puck.
5:40 of 2nd period - Ben Hanowski is hit by Joe Colborne and loses puck.
5:51 of 2nd period - Slapshot by Lukas Krajicek.
5:51 of 2nd period - Stopped by Jeff Glass with a rebound.
5:55 of 2nd period - Snap shot by Kellan Lain.
5:55 of 2nd period - Stopped by Jeff Glass with a rebound.
5:57 of 2nd period - Slapshot by Tyler Cuma.
5:57 of 2nd period - Stopped by Jeff Glass without a rebound.
5:58 of 2nd period - Tyler Bozak wins face-off versus James Wright in Knights zone.
6:44 of 2nd period - Snap shot by A.J. Jenks.
6:44 of 2nd period - Stopped by Eddie Lack with a rebound.
7:22 of 2nd period - James Wright is hit by Tomas Kubalik and loses puck.
7:29 of 2nd period - Snap shot by Tomas Kubalik.
7:29 of 2nd period - Shot Misses the Net.
7:39 of 2nd period - David Shields is hit by Ben Hanowski.
7:43 of 2nd period - Michael Stone is hit by Craig Smith and loses puck.
8:21 of 2nd period - Slapshot by Alan Quine.
8:21 of 2nd period - Shot Misses the Net.
8:27 of 2nd period - Tomas Kundratek is hit by Kellan Lain and loses puck.
8:42 of 2nd period - Gabriel Landeskog is hit by Jason Zucker and loses puck.
8:51 of 2nd period - Snap shot by Jason Zucker.
8:51 of 2nd period - Stopped by Eddie Lack with a rebound.
9:03 of 2nd period - Snap shot by Jason Zucker.
9:03 of 2nd period - Deflect By Lukas Krajicek.
9:03 of 2nd period - Stopped by Eddie Lack without a rebound.
9:04 of 2nd period - Joe Colborne wins face-off versus Boone Jenner in Diables zone.
9:23 of 2nd period - Dustin Kohn is hit by Cody Bass and loses puck.
10:20 of 2nd period - David Shields is hit by Tyler Bozak and loses puck.
11:03 of 2nd period - Snap shot by Ben Hanowski.
11:03 of 2nd period - Shot Blocked by Nikita Nikitin.
12:26 of 2nd period - Wrist shot by Alan Quine.
12:26 of 2nd period - Stopped by Eddie Lack without a rebound.
12:27 of 2nd period - Riley Sheahan wins face-off versus Joe Colborne in Diables zone.
12:27 of 2nd period - Riley Sheahan is hit by Michael Raffl.
12:35 of 2nd period - Michael Raffl is hit by Kellan Lain and loses puck.
12:55 of 2nd period - Icing by Dustin Kohn.
12:56 of 2nd period - James Wright wins face-off versus Tyler Bozak in Diables zone.
12:59 of 2nd period - Snap shot by James Wright.
12:59 of 2nd period - Shot Misses the Net.
13:07 of 2nd period - Slapshot by Chris Thorburn.
13:07 of 2nd period - Shot Misses the Net.
13:09 of 2nd period - Wrist shot by James Wright.
13:09 of 2nd period - Deflect By Jason Zucker.
13:09 of 2nd period - Goal by Jason Zucker - Diables : 2 - Knights : 2.
13:10 of 2nd period - Tyler Bozak wins face-off versus Joe Colborne in neutral zone.
14:16 of 2nd period - Steve Quailer is hit by Jimmy Hayes and loses puck.
14:42 of 2nd period - Wrist shot by Colton Gillies.
14:42 of 2nd period - Stopped by Eddie Lack without a rebound.
14:43 of 2nd period - Riley Sheahan wins face-off versus Alan Quine in Diables zone.
14:43 of 2nd period - Riley Sheahan is hit by Josh Jooris.
14:57 of 2nd period - Snap shot by Riley Sheahan.
14:57 of 2nd period - Shot Misses the Net.
15:14 of 2nd period - Chris Thorburn is hit by Dustin Kohn and loses puck.
15:36 of 2nd period - Ben Hanowski is hit by Jimmy Hayes and loses puck.
15:56 of 2nd period - Slapshot by Michael Stone.
15:56 of 2nd period - Shot Misses the Net.
15:58 of 2nd period - Snap shot by Joe Colborne.
15:58 of 2nd period - Shot Misses the Net.
16:00 of 2nd period - Snap shot by Jimmy Hayes.
16:00 of 2nd period - Stopped by Eddie Lack without a rebound.
16:01 of 2nd period - Tyler Bozak wins face-off versus James Wright in Diables zone.
16:01 of 2nd period - Tyler Bozak is hit by Jason Zucker.
16:13 of 2nd period - Slapshot by James Wright.
16:13 of 2nd period - Shot Misses the Net.
16:54 of 2nd period - David Shields is hit by Craig Smith.
17:24 of 2nd period - Joe Colborne is hit by Gabriel Landeskog and loses puck.
17:41 of 2nd period - Snap shot by Tomas Kubalik.
17:41 of 2nd period - Shot Misses the Net.
17:43 of 2nd period - Snap shot by Riley Sheahan.
17:43 of 2nd period - Shot Misses the Net.
17:45 of 2nd period - Wrist shot by Kellan Lain.
17:45 of 2nd period - Stopped by Jeff Glass without a rebound.
17:46 of 2nd period - Riley Sheahan wins face-off versus James Wright in Knights zone.
17:56 of 2nd period - Snap shot by Tomas Kubalik.
17:56 of 2nd period - Stopped by Jeff Glass with a rebound.
18:06 of 2nd period - Snap shot by Tomas Kubalik.
18:06 of 2nd period - Shot Blocked by Tomas Kundratek.
18:18 of 2nd period - Slapshot by Riley Sheahan.
18:18 of 2nd period - Stopped by Jeff Glass without a rebound.
18:19 of 2nd period - Tyler Bozak wins face-off versus Joe Colborne in Knights zone.
18:20 of 2nd period - Slapshot by Gabriel Landeskog.
18:20 of 2nd period - Shot Blocked by Scott Jackson.
18:22 of 2nd period - Snap shot by Tyler Cuma.
18:22 of 2nd period - Deflect By Joe Colborne.
18:22 of 2nd period - Stopped by Jeff Glass without a rebound.
18:23 of 2nd period - Tyler Bozak wins face-off versus Joe Colborne in Knights zone.
18:30 of 2nd period - Slapshot by Tyler Bozak.
18:30 of 2nd period - Shot Misses the Net.
18:32 of 2nd period - Slapshot by Lukas Krajicek.
18:32 of 2nd period - Stopped by Jeff Glass without a rebound.
18:33 of 2nd period - James Wright wins face-off versus Tyler Bozak in Knights zone.
18:38 of 2nd period - Slapshot by Tyler Bozak.
18:38 of 2nd period - Shot Misses the Net.
18:48 of 2nd period - Slapshot by Steve Quailer.
18:48 of 2nd period - Stopped by Jeff Glass without a rebound.
18:49 of 2nd period - Joe Colborne wins face-off versus Kellan Lain in Knights zone.
19:17 of 2nd period - Snap shot by Jimmy Hayes.
19:17 of 2nd period - Stopped by Eddie Lack with a rebound.
19:19 of 2nd period - Wrist shot by James Wright.
19:19 of 2nd period - Stopped by Eddie Lack with a rebound.
19:21 of 2nd period - Wrist shot by Jason Zucker.
19:21 of 2nd period - Shot Blocked by Lukas Krajicek.
19:23 of 2nd period - Snap shot by Chris Thorburn.
19:23 of 2nd period - Goal by Chris Thorburn - Diables : 2 - Knights : 3.
19:24 of 2nd period - Tyler Bozak wins face-off versus Cody Bass in neutral zone.
19:27 of 2nd period - A.J. Jenks is hit by Tyler Cuma and loses puck.
19:35 of 2nd period - Off-side.
19:36 of 2nd period - Tyler Bozak wins face-off versus James Wright in neutral zone.
Goals for this period are 0 for Diables vs 2 for Knights.
Shots for this period are 9 for Diables vs 13 for Knights.
3rd period
0:01 of 3rd period - Cody Bass wins face-off versus Tyler Bozak in neutral zone.
0:09 of 3rd period - Snap shot by Cody Bass.
0:09 of 3rd period - Stopped by Eddie Lack with a rebound.
0:15 of 3rd period - Zach Trotman is hit by Steve Quailer.
0:32 of 3rd period - Snap shot by Kellan Lain.
0:32 of 3rd period - Goal by Kellan Lain - Diables : 3 - Knights : 3.
0:33 of 3rd period - Tyler Bozak wins face-off versus James Wright in neutral zone.
0:38 of 3rd period - Snap shot by Tyler Bozak.
0:38 of 3rd period - Stopped by Jeff Glass without a rebound.
0:39 of 3rd period - James Wright wins face-off versus Tyler Bozak in Knights zone.
1:18 of 3rd period - Snap shot by Steve Quailer.
1:18 of 3rd period - Shot Blocked by Zach Trotman.
1:39 of 3rd period - Slapshot by Tyler Bozak.
1:39 of 3rd period - Stopped by Jeff Glass without a rebound.
1:40 of 3rd period - Joe Colborne wins face-off versus Riley Sheahan in Knights zone.
1:40 of 3rd period - Joe Colborne is hit by Tomas Kubalik.
1:50 of 3rd period - Snap shot by Jimmy Hayes.
1:50 of 3rd period - Shot Misses the Net.
3:22 of 3rd period - Lukas Krajicek is hit by Chris Thorburn and loses puck.
3:52 of 3rd period - Icing by David Shields.
3:53 of 3rd period - Alan Quine wins face-off versus Riley Sheahan in Knights zone.
4:06 of 3rd period - Snap shot by Josh Jooris.
4:06 of 3rd period - Stopped by Eddie Lack without a rebound.
4:07 of 3rd period - Joe Colborne wins face-off versus Tyler Bozak in Diables zone.
4:14 of 3rd period - Wrist shot by Jimmy Hayes.
4:14 of 3rd period - Deflect By Michael Raffl.
4:14 of 3rd period - Stopped by Eddie Lack without a rebound.
4:15 of 3rd period - Joe Colborne wins face-off versus Tyler Bozak in Diables zone.
4:20 of 3rd period - Wrist shot by Joe Colborne.
4:20 of 3rd period - Stopped by Eddie Lack without a rebound.
4:21 of 3rd period - Michael Raffl wins face-off versus Tyler Bozak in Diables zone.
4:46 of 3rd period - Lukas Krajicek is hit by James Wright and loses puck.
5:10 of 3rd period - Icing by David Shields.
5:11 of 3rd period - Boone Jenner wins face-off versus Cody Bass in Knights zone.
5:41 of 3rd period - Kevin Hayes is hit by Brandon Prust and loses puck.
6:08 of 3rd period - Slapshot by Dustin Kohn.
6:08 of 3rd period - Shot Misses the Net.
6:24 of 3rd period - Slapshot by Dustin Kohn.
6:24 of 3rd period - Shot Misses the Net.
6:50 of 3rd period - Slapshot by Dustin Kohn.
6:50 of 3rd period - Stopped by Jeff Glass without a rebound.
6:51 of 3rd period - Gabriel Landeskog wins face-off versus Joe Colborne in Knights zone.
7:17 of 3rd period - Tomas Kundratek is hit by Tomas Kubalik and loses puck.
7:55 of 3rd period - Snap shot by Joe Colborne.
7:55 of 3rd period - Shot Misses the Net.
7:57 of 3rd period - Slapshot by Nikita Nikitin.
7:57 of 3rd period - Stopped by Eddie Lack with a rebound.
8:04 of 3rd period - Icing by Josh Manson.
8:05 of 3rd period - Tomas Kubalik wins face-off versus James Wright in Diables zone.
9:49 of 3rd period - Snap shot by Cody Bass.
9:49 of 3rd period - Goal by Cody Bass - Diables : 3 - Knights : 4.
9:50 of 3rd period - James Wright wins face-off versus Tyler Bozak in neutral zone.
9:59 of 3rd period - Snap shot by Jason Zucker.
9:59 of 3rd period - Stopped by Eddie Lack with a rebound.
10:01 of 3rd period - Snap shot by Chris Thorburn.
10:01 of 3rd period - Shot Blocked by Gabriel Landeskog.
10:34 of 3rd period - Wrist shot by Brandon Prust.
10:34 of 3rd period - Stopped by Jeff Glass with a rebound.
10:36 of 3rd period - Slapshot by Tyler Cuma.
10:36 of 3rd period - Shot Blocked by Scott Jackson.
10:38 of 3rd period - Wrist shot by Ben Hanowski.
10:38 of 3rd period - Deflect By Boone Jenner.
10:38 of 3rd period - Shot Blocked by Scott Jackson.
10:38 of 3rd period - Puck is out of play.
10:39 of 3rd period - James Wright wins face-off versus Boone Jenner in Knights zone.
10:48 of 3rd period - Slapshot by Chris Thorburn.
10:48 of 3rd period - Shot Misses the Net.
10:50 of 3rd period - Wrist shot by Chris Thorburn.
10:50 of 3rd period - Shot Blocked by Brandon Prust.
10:52 of 3rd period - Slapshot by James Wright.
10:52 of 3rd period - Stopped by Eddie Lack with a rebound.
10:54 of 3rd period - Slapshot by James Wright.
10:54 of 3rd period - Stopped by Eddie Lack with a rebound.
11:23 of 3rd period - Snap shot by Tomas Kubalik.
11:23 of 3rd period - Shot Misses the Net.
11:25 of 3rd period - Wrist shot by Kellan Lain.
11:25 of 3rd period - Shot Blocked by Scott Jackson.
11:27 of 3rd period - Snap shot by Kellan Lain.
11:27 of 3rd period - Shot Misses the Net.
11:29 of 3rd period - Wrist shot by Tomas Kubalik.
11:29 of 3rd period - Stopped by Jeff Glass without a rebound.
11:30 of 3rd period - James Wright wins face-off versus Riley Sheahan in Knights zone.
11:35 of 3rd period - Riley Sheahan is hit by Chris Thorburn and loses puck.
11:52 of 3rd period - Snap shot by Riley Sheahan.
11:52 of 3rd period - Shot Blocked by Zach Trotman.
12:02 of 3rd period - Slapshot by Tyler Cuma.
12:02 of 3rd period - Shot Blocked by Chris Thorburn.
12:25 of 3rd period - Snap shot by James Wright.
12:25 of 3rd period - Stopped by Eddie Lack without a rebound.
12:26 of 3rd period - Tyler Bozak wins face-off versus Joe Colborne in Diables zone.
12:46 of 3rd period - Nikita Nikitin is hit by Lukas Krajicek.
13:04 of 3rd period - Snap shot by Cody Bass.
13:04 of 3rd period - Shot Blocked by Ben Hanowski.
13:18 of 3rd period - Boone Jenner is hit by Josh Jooris and loses puck.
14:47 of 3rd period - Craig Smith is hit by Josh Jooris and loses puck.
15:15 of 3rd period - Snap shot by James Wright.
15:15 of 3rd period - Shot Misses the Net.
15:27 of 3rd period - Zach Trotman is hit by Brian Dumoulin.
16:34 of 3rd period - Steve Quailer is hit by Jason Zucker and loses puck.
16:56 of 3rd period - Icing by Tomas Kundratek.
16:57 of 3rd period - Riley Sheahan wins face-off versus Joe Colborne in Knights zone.
17:06 of 3rd period - Boone Jenner is hit by Kevin Hayes and loses puck.
17:29 of 3rd period - Slapshot by Brian Dumoulin.
17:29 of 3rd period - Stopped by Jeff Glass with a rebound.
18:08 of 3rd period - Wrist shot by Colton Gillies.
18:08 of 3rd period - Stopped by Eddie Lack with a rebound.
18:24 of 3rd period - Slapshot by Jimmy Hayes.
18:24 of 3rd period - Shot Misses the Net.
18:40 of 3rd period - Tyler Cuma is hit by Nikita Nikitin and loses puck.
18:55 of 3rd period - Josh Manson is hit by Jimmy Hayes and loses puck.
19:02 of 3rd period - Snap shot by Michael Raffl.
19:02 of 3rd period - Shot Misses the Net.
19:04 of 3rd period - Snap shot by James Wright.
19:04 of 3rd period - Stopped by Eddie Lack without a rebound.
19:05 of 3rd period - Benoit Groulx call a timeout for Diables.
19:05 of 3rd period - James Wright wins face-off versus Tyler Bozak in Diables zone.
19:18 of 3rd period - Wrist shot by Michael Raffl.
19:18 of 3rd period - Shot Blocked by Kellan Lain.
19:24 of 3rd period - Wrist shot by Michael Raffl.
19:24 of 3rd period - Stopped by Eddie Lack with a rebound.
19:34 of 3rd period - Slapshot by Jimmy Hayes.
19:34 of 3rd period - Shot Misses the Net.
19:36 of 3rd period - Slapshot by James Wright.
19:36 of 3rd period - Shot Misses the Net.
19:38 of 3rd period - Slapshot by Nikita Nikitin.
19:38 of 3rd period - Stopped by Eddie Lack with a rebound.
19:54 of 3rd period - Snap shot by James Wright.
19:54 of 3rd period - Stopped by Eddie Lack with a rebound.
19:56 of 3rd period - Snap shot by Nikita Nikitin.
19:56 of 3rd period - Stopped by Eddie Lack without a rebound.
19:57 of 3rd period - James Wright wins face-off versus Tyler Bozak in Diables zone.
19:58 of 3rd period - Snap shot by Jimmy Hayes.
19:58 of 3rd period - Stopped by Eddie Lack with a rebound.
Goals for this period are 1 for Diables vs 1 for Knights.
Shots for this period are 7 for Diables vs 17 for Knights.
Back to the Top